 Dungeon Crawl Stone Soup version 0.32-a0-38-gb04dd89b9b (webtiles) character file.

Game seed: 6118316393679820642

107 seren the Magician (level 4, 0/39 HPs)
             Began as an Oni Hedge Wizard on Jan 23, 2024.
             Slain by an orc
             ... wielding a +0 hand axe
              (5 damage)
             ... on level 3 of the Dungeon.
             The game lasted 00:12:35 (3456 turns).

seren the Magician (Oni Hedge Wizard)               Turns: 3456, Time: 00:12:35

Health: 0/39       AC:  3    Str: 14    XL:     4   Next: 85%
Magic:  7/10       EV: 10    Int: 17    God:
Gold:   130        SH:  0    Dex:  8    Spells: 5/11 levels left

rFire   . . .        a - +0 dagger
rCold   . . .        (no shield)
rNeg    . . .        b - +0 robe
rPois   .            c - +0 hat
rElec   .            (no cloak)
rCorr   .            (gloves unavailable)
SInv    +            (boots unavailable)
Will    .....        (no amulet)
Stlth   ++           l - ring of see invisible
HPRegen 0.26/turn    (no ring)
MPRegen 0.12/turn

%: no passive effects
@: no status effects
A: large, unfitting armour, horns 1, tough skin 1, double potion healing,
drunken brawling
a: no special abilities


You were on level 3 of the Dungeon.
You visited 1 branch of the dungeon, and saw 5 of its levels.

You collected 130 gold pieces.

Inventory:

Hand Weapons
 a - a +0 dagger (weapon)
Missiles
 o - 2 poisoned darts
Armour
 b - a +0 robe (worn)
 c - a +0 hat (worn)
Magical Staves
 v - a staff of death
Jewellery
 l - a ring of see invisible (left hand)
Scrolls
 f - 3 scrolls of teleportation {!r}
 i - a scroll of brand weapon {unknown}
 j - 2 scrolls of fear {unknown}
 k - a scroll of fog {unknown}
 m - a scroll of noise {unknown}
 p - a scroll of revelation {unknown}
 r - 2 scrolls of enchant armour {unknown}
 s - a scroll of poison {unknown}
 u - a scroll of identify {unknown}
Potions
 e - 2 potions of enlightenment
 g - a potion of berserk rage {unknown}
 h - a potion of lignification {unknown}
 n - a potion of mutation {unknown}
 q - a potion of curing {unknown}
 t - 2 potions of brilliance {unknown}


   Skills:
 + Level 2.3 Dodging
 + Level 2.0 Stealth
 + Level 4.1 Spellcasting
 * Level 2.2 Conjurations
 + Level 1.6 Summonings
 - Level 1.2 Translocations


You had 5 spell levels left.
You knew the following spells:

 Your Spells              Type           Power      Damage    Failure   Level
a - Magic Dart            Conj           44%        1d5       6%          1
b - Slow                  Hex            12%        N/A       16%         1
c - Blink                 Tloc           14%        N/A       14%         2
d - Call Imp              Summ           18%        N/A       12%         2

Your spell library contained the following spells:

 Spells                   Type           Power      Damage    Failure   Level
 Apportation              Tloc           14%        N/A       10%         1
 Cigotuvi's Dreadful Rot  Necr/Alch/Air  6%         N/A       24%         2
 Jinxbite                 Hex            6%         N/A       24%         2
 Mephitic Cloud           Conj/Alch/Air  6%         N/A       34%         3
 Alistair's Intoxication  Alch           2%         N/A       99%         5


Dungeon Overview and Level Annotations

Branches:
Dungeon (5/15)
 Temple: D:4-7

Altars:

Annotations:
D:3 1 runed translucent door, Crazy Yiuf, Grinder
D:4 Pikel


Innate Abilities, Weirdness & Mutations

You are too large for most types of armour.
You have a pair of small horns on your head.
You have tough skin. (AC +1)
You gain doubled healing and magic from potions.
Whenever you drink a healing potion, you attack all around you.


Message History

The orc is lightly wounded.
Magic courses through your body. The orc hits you with a +0 hand axe.
* * * LOW HITPOINT WARNING * * *
Casting: Magic Dart (safe; 7% risk of failure)
Confirm with . or Enter, or press ? or * to list all spells.
Aiming: Magic Dart (safe; 7% risk of failure)
Press: ? - help, Shift-Dir - straight line, f/p - orc wizard
Aim: an orc wizard, wielding a +0 dagger and wearing a +0 robe (heavily wounded, 100% to hit)
The magic dart hits the orc wizard.
The orc wizard is severely wounded.
The orc barely misses you.
Casting: Magic Dart (safe; 7% risk of failure)
Confirm with . or Enter, or press ? or * to list all spells.
Aiming: Magic Dart (safe; 7% risk of failure)
Press: ? - help, Shift-Dir - straight line, f/p - orc wizard
Aim: an orc wizard, wielding a +0 dagger and wearing a +0 robe (severely wounded, 100% to hit)
The magic dart hits the orc wizard.
The orc wizard is almost dead.
The orc hits you with a +0 hand axe.
* * * LOW HITPOINT WARNING * * *
Casting: Magic Dart (safe; 7% risk of failure)
Confirm with . or Enter, or press ? or * to list all spells.
Aiming: Magic Dart (safe; 7% risk of failure)
Press: ? - help, Shift-Dir - straight line, f/p - orc wizard
Aim: an orc wizard, wielding a +0 dagger and wearing a +0 robe (almost dead, 100% to hit)
The magic dart hits the orc wizard.
You kill the orc wizard!
The orc hits you with a +0 hand axe.
* * * LOW HITPOINT WARNING * * *
Your Stealth skill increases to level 2!
The orc closely misses you.
Casting: Magic Dart (safe; 6% risk of failure)
Confirm with . or Enter, or press ? or * to list all spells.
Aiming: Magic Dart (safe; 6% risk of failure)
Press: ? - help, Shift-Dir - straight line, f - orc
Aim: an orc, wielding a +0 hand axe and wearing a +0 robe (lightly wounded, 100% to hit)
The magic dart hits the orc.
The orc is moderately wounded.
The orc hits you with a +0 hand axe.
You die...

#.....# #.....# #.....# #
♣♣#### #....## ....... ..#♣♣
♣♣....###....# .....
.g+.♣♣♣♣......##....# .?...
..#♣..♣.............# .). #
♣♣♣.♣....####....# ...
♣♣♣♣♣######@...### #'#
#...o......# #.#
############.)........# #o#
......................# #o#
......................# #.#
............################.#
............'.o..............#
............##################
.......................#


You could see an orc.

Vanquished Creatures
  An orc priest (D:3)
  An orc wizard (D:3)
  4 orcs (D:3)
  4 bats
  6 endoplasms (D:1)
  A giant cockroach (D:2)
  2 goblins
  3 hobgoblins
  6 quokkas
  2 ball pythons (D:2)
  3 frilled lizards
  3 kobolds
  3 rats
39 creatures vanquished.

Vanquished Creatures (collateral kills)
  3 ribbon worms
3 creatures vanquished.

Grand Total: 42 creatures vanquished

Notes
Turn   | Place    | Note
-------+----------+-------------------------------------------
     0 | D:1      | seren the Oni Hedge Wizard began the quest for the Orb.
     0 | D:1      | Reached XP level 1. HP: 16/16 MP: 5/5
   122 | D:1      | Reached skill level 1 in Conjurations
   122 | D:1      | Reached skill level 1 in Summonings
   122 | D:1      | Reached skill level 1 in Translocations
   124 | D:1      | Learned a level 1 spell: Slow
   230 | D:1      | Reached XP level 2. HP: 24/24 MP: 0/6
  1039 | D:2      | Learned a level 2 spell: Blink
  1138 | D:2      | Found a faded altar of an unknown god.
  1364 | D:2      | You fall into a shaft and drop 2 floors!
  1429 | D:4      | Learned a level 2 spell: Call Imp
  1429 | D:4      | Noticed an ogre
  1495 | D:4      | Noticed Pikel
  1495 | D:4      | Noticed a lemure
  1495 | D:4      | Noticed a lemure
  1504 | D:4      | Noticed a lemure
  1518 | D:4      | Noticed a lemure
  1617 | D:5      | Entered Level 5 of the Dungeon
  1668 | D:3      | Reached XP level 3. HP: 31/31 MP: 6/8
  2044 | D:3      | Noticed Grinder
  2047 | D:3      | Paralysed by Grinder for 2 turns
  2148 | D:3      | Paralysed by Grinder for 4 turns
  2161 | D:3      | Paralysed by Grinder for 3 turns
  2291 | D:3      | Reached skill level 4 in Spellcasting
  2291 | D:3      | Reached XP level 4. HP: 17/39 MP: 0/10
  3330 | D:3      | Found a runed translucent door.
  3331 | D:3      | Noticed Crazy Yiuf
  3456 | D:3      | Slain by an orc

Illustrated notes

Levels and vault maps discovered:
D:1:      lemuel_arrival_lava_pool, layout_basic, st_stairs_13
D:2:      layout_loops_ring, dreamdust_ecumenical_altar_hidden_monk_grotto
D:3:      layout_basic, uniq_grinder, uniq_crazy_yiuf_cottage, uniq_terence
D:4:      layout_loops_corners, grunt_temple_overflow_growth_and_decay,
          marbit_many_paths, temple_pool_b, ebering_ghost_reflecting_pool,
          uniq_pikel
D:5:      layout_loops_cross, mainiacjoe_overflow_divided_tiny,
          nicolae_shop_fire_sale [nicolae_sub_dead_trees]

Skill      XL: |  1  2  3  4 |
---------------+-------------+-----
Conjurations   | 1 2 |  2.2
Summonings     | 1 |  1.6
Translocations | 1 |  1.2
Dodging        | 2 |  2.3
Spellcasting   | 4 |  4.1
Stealth        | 2 |  2.0

Action                     |  1- 3 |  4- 6 || total
---------------------------+-------+-------++-------
  Melee: Dagger            |     4 |    15 ||    19
         Headbutt          |     1 |     2 ||     3
   Cast: Magic Dart        |    96 |    44 ||   140
         Call Imp          |     5 |     4 ||     9
         Slow              |     3 |     1 ||     4
    Use: Scroll            |     4 |       ||     4
         Potion            |     1 |     1 ||     2
 Armour: Robe              |    26 |    29 ||    55
  Dodge: Dodged            |    12 |    10 ||    22

Table legend: (Time is in decaauts)
 A = Elapsed time spent in this place.
 B = Non-inter-level travel time spent in this place.
 C = Inter-level travel time spent in this place.
 D = Time resting spent in this place.
 E = Time spent auto-exploring this place.
 F = Levels seen in this place.
 G = Mean time per level.
                   A        B        C        D        E       F      G
               +--------+--------+--------+--------+--------+-----+--------+
         Total |   3457 |   3388 |     69 |    366 |   1929 |   5 |  691.4 |
       Dungeon |   3457 |   3388 |     69 |    366 |   1929 |   5 |  691.4 |
               +--------+--------+--------+--------+--------+-----+--------+

Top non-repeatable levels by time:
     D:1: 1102 daAuts
     D:2: 1051 daAuts
     D:3: 949 daAuts
     D:4: 352 daAuts
     D:5: 1 daAuts
